 Dungeon Crawl Stone Soup version 0.30-a0-965-g42e074c17a (webtiles) character file.

Game seed: 11506253410829744366

590 cforsyth the Shield-Bearer (level 7, -5/56 HPs)
             Began as a Formicid Fighter on Mar 30, 2023.
             Killed by nerve-wracking pain
             ... invoked by Menkaure
              (10 damage)
             ... on level 5 of the Dungeon.
             The game lasted 00:03:24 (3828 turns).

cforsyth the Shield-Bearer (Formicid Fighter)       Turns: 3828, Time: 00:03:25

Health: -5/56      AC:  8    Str: 23    XL:     7   Next: 66%
Magic:  7/7        EV:  9    Int:  7    God:
Gold:   231        SH:  5    Dex: 13    Spells: 6/6 levels left

rFire   . . .      SeeInvis +    a - +0 flail (flame)
rCold   . . .      Faith    .    c - +0 buckler
rNeg    . . .      Spirit   .    b - +0 scale mail
rPois   .          Reflect  .    (helmet unavailable)
rElec   .          Rampage  .    i - +0 cloak
rCorr   .                        (no gloves)
Will    .....                    (no boots) Stlth
                                 (no amulet)
HPRegen 0.29/turn                (no ring)
MPRegen 0.10/turn                (no ring)

@: no status effects
A: permanent stasis, dig shafts and tunnels, antennae 3, four strong arms
a: Dig, Shaft Self


You were on level 5 of the Dungeon.
You visited 1 branch of the dungeon, and saw 5 of its levels.

You collected 231 gold pieces.

Inventory:

Hand Weapons
 a - a +0 flail of flaming (weapon)
Armour
 b - a +0 scale mail (worn)
 c - a +0 buckler (worn)
 i - a +0 cloak (worn)
Jewellery
 l - a ring of positive energy
 n - an amulet of reflection
 q - a ring of poison resistance
 w - an amulet of magic regeneration
Wands
 o - a wand of charming (20)
Scrolls
 f - a scroll of identify
 m - a scroll of vulnerability {unknown}
 p - a scroll of magic mapping
 r - a scroll of fog {unknown}
 s - 3 scrolls of fear
 u - 2 scrolls of brand weapon
 x - a scroll of immolation {unknown}
Potions
 d - a potion of might
 e - a potion of brilliance {unknown}
 g - 3 potions of lignification
 h - 2 potions of degeneration {unknown}
 j - a potion of ambrosia {unknown}
 k - 4 potions of curing
 t - 2 potions of flight
 v - 2 potions of heal wounds


   Skills:
 + Level 5.3 Fighting
 + Level 4.2 Maces & Flails
 + Level 5.3 Armour
 + Level 6.4 Shields


You had 6 spell levels left.
You didn't know any spells.
Your spell library contained the following spells:

 Spells                   Type           Power      Damage    Failure   Level
 Apportation              Tloc           0%         N/A       80%         1
 Sandblast                Erth           0%         2d4       80%         1
 Passwall                 Tmut/Erth      0%         N/A       90%         2
 Stone Arrow              Conj/Erth      0%         3d7       99%         3
 Alistair's Intoxication  Tmut/Pois      0%         N/A       100%        5


Dungeon Overview and Level Annotations

Branches:
Dungeon (5/15)
 Temple: D:4-7

Altars:
Wu Jian
The Shining One

Annotations:
D:5 Menkaure


Innate Abilities, Weirdness & Mutations

You cannot be hasted, slowed, berserked, paralysed or teleported.
You can dig through walls and to a lower floor.
You have a pair of large antennae on your head. (SInv)
Your four strong arms can wield two-handed weapons with a shield.


Message History

No target in view!
No target in view!
You now have 231 gold pieces (gained 8).
h - 2 ruby potions
There is an open door here.
You open the door.
There is an open door here.
There is a glowing golden altar of the Shining One here.
There is an open door here.
Found a rapier.
Menkaure, Prince of Dust comes into view.
Menkaure shouts!
Okay, then.
Menkaure gestures at you while chanting.
You struggle to resist.
Menkaure hits you!
You hit Menkaure but do no damage. Menkaure hits you!
You barely miss Menkaure. Menkaure hits you!
You are too injured to fight recklessly!
You are too injured to fight recklessly!
You are too injured to fight recklessly!
You are too injured to fight recklessly!
You are too injured to fight recklessly!
You are too injured to fight recklessly!
You are too injured to fight recklessly!
You sock Menkaure! You burn Menkaure.
Menkaure is heavily damaged.
Menkaure casts a spell.
Menkaure seems to speed up.
You barely miss Menkaure.
Menkaure is heavily damaged.
Menkaure rustles drily.
Menkaure hits you!
You hit Menkaure but do no damage.
Menkaure is heavily damaged.
Menkaure hits you!
* * * LOW HITPOINT WARNING * * *
Menkaure points at you and mumbles some strange words.
Pain shoots through your body!
You die...

********** *,,,,,,,,*
*,******,* *,,,,,,*,*
************,*,*
*,,,,,,,,,,,,*,*
##########+#####****,,*,*
#.....?........# *,,*,*
#### ##....)...@M..#,*
*,,*,* ...#
#...............# *,,*,*
#### #.............#.#
*,,*,* ≈≈#
#.#########+#.#******,,*,*
#≈### #.# *,*...,,,,,,,*,*
..'.# #.# *,**###****,,*,*
#≈#.###.# *,**,,,* *,,*,**
≈≈#..##.# *******,**,<,*
**,*,,, ###.....#
*,,,,,,,**,,,*****,****


You could see Menkaure (fast).

Vanquished Creatures
  A black bear (D:4)
  An orc priest (D:4)
  2 hounds
  An iguana (D:5)
  2 sleepcaps
  Natasha (thrice) (D:3)
  5 orc wizards
  7 adders
  An ufetubus (D:5)
  A dart slug (D:3)
  8 orcs
  5 ball pythons
  4 endoplasms
  5 giant cockroaches
  2 goblins (D:1)
  6 hobgoblins
  2 quokkas
  4 bats
  2 frilled lizards
  3 kobolds
  3 rats (D:1)
68 creatures vanquished.

Notes
Turn   | Place    | Note
-------+----------+-------------------------------------------
     0 | D:1      | cforsyth the Formicid Fighter began the quest for the Orb.
     0 | D:1      | Reached XP level 1. HP: 18/18 MP: 1/1
   157 | D:1      | Reached XP level 2. HP: 24/24 MP: 2/2
   539 | D:1      | Found a faded altar of an unknown god.
   671 | D:1      | Reached XP level 3. HP: 29/29 MP: 3/3
  1383 | D:3      | Reached XP level 4. HP: 37/37 MP: 4/4
  1835 | D:3      | Found an ornate altar of the Wu Jian Council.
  1899 | D:3      | Noticed Natasha
  1913 | D:3      | Killed Natasha
  1914 | D:3      | Reached skill level 5 in Shields
  1914 | D:3      | Reached XP level 5. HP: 27/42 MP: 5/5
  2004 | D:3      | Noticed Natasha
  2013 | D:3      | Killed Natasha
  2025 | D:3      | Noticed Natasha
  2034 | D:3      | Killed Natasha
  2483 | D:3      | Reached XP level 6. HP: 49/49 MP: 6/6
  2726 | D:4      | Noticed a black bear
  2888 | D:4      | Killed a black bear
  2889 | D:4      | Reached skill level 5 in Armour
  2889 | D:4      | Reached skill level 6 in Shields
  2889 | D:4      | Reached XP level 7. HP: 45/55 MP: 7/7
  3360 | D:5      | Entered Level 5 of the Dungeon
  3507 | D:5      | Found a glowing golden altar of the Shining One.
  3543 | D:5      | Reached skill level 5 in Fighting
  3819 | D:5      | Noticed Menkaure
  3828 | D:5      | Killed from afar by Menkaure

Illustrated notes

Levels and vault maps discovered:
D:1:      scummos_arrival_simple_fountains, layout_basic,
          ebering_ecumenical_altar_hall, minmay_pentomino_x2
D:2:      layout_loops_ring
D:3:      layout_basic, lemuel_coloured_pillars_altar, bh_walls_and_bars,
          uniq_natasha
D:4:      layout_loops_cross, hangedman_decor_opposing
D:5:      layout_basic, lemuel_zombie_altar_yredelemnul, kennysheep_little_box,
          lemuel_round_altar, minivault_24, minmay_a_box_with_orc_wizards_in_it,
          uniq_menkaure, uniq_prince_ribbit1

Skill      XL: |  1  2  3  4  5  6  7 |
---------------+----------------------+-----
Armour         | 4 5 |  5.3
Fighting       | 4 5 |  5.3
Maces & Flails | 3 4 |  4.2
Shields        | 5 6 |  6.4

Action                     |  1- 3 |  4- 6 |  7- 9 || total
---------------------------+-------+-------+-------++-------
  Melee: Flail             |    72 |   102 |    54 ||   228
    Use: Scroll            |       |       |     8 ||     8
 Armour: Scale mail        |    35 |    58 |    22 ||   115
  Dodge: Dodged            |    28 |    55 |    27 ||   110
  Block: Buckler           |    11 |    33 |     6 ||    50

Table legend: (Time is in decaauts)
 A = Elapsed time spent in this place.
 B = Non-inter-level travel time spent in this place.
 C = Inter-level travel time spent in this place.
 D = Time resting spent in this place.
 E = Time spent auto-exploring this place.
 F = Levels seen in this place.
 G = Mean time per level.
                   A        B        C        D        E       F      G
               +--------+--------+--------+--------+--------+-----+--------+
         Total |   3894 |   3766 |    128 |    420 |   2717 |   5 |  778.8 |
       Dungeon |   3894 |   3766 |    128 |    420 |   2717 |   5 |  778.8 |
               +--------+--------+--------+--------+--------+-----+--------+

Top non-repeatable levels by time:
     D:3: 1424 daAuts
     D:4: 731 daAuts
     D:1: 728 daAuts
     D:2: 532 daAuts
     D:5: 478 daAuts
